 Dungeon Crawl Stone Soup version 0.29-a0-1009-g60c99734e7 (webtiles) character file.

Game seed: 18181129376074549619

735 Newt the Insei (level 7, -4/50 HPs)
             Began as a Demonspawn Transmuter on Aug 8, 2022.
             Was an Initiate of Gozag.
             Slain by a gnoll
             ... wielding a +0 spear
             ... led by a gnoll bouda
              (5 damage)
             ... on level 5 of the Dungeon.
             The game lasted 00:06:17 (4382 turns).

Newt the Insei (Demonspawn Transmuter)              Turns: 4382, Time: 00:06:18

Health: -4/50      AC:  2    Str: 12    XL:     7   Next: 45%
Magic:  11/12      EV: 12    Int: 18    God:    Gozag
Gold:   76         SH:  0    Dex: 14    Spells: 10/13 levels left

rFire   . . .      SeeInvis .     - Unarmed
rCold   . . .      Faith    .   (no shield)
rNeg    . . .      Spirit   .   a - +0 robe
rPois   .          Reflect  .   (helmet currently unavailable)
rElec   .          Harm     .   (no cloak)
rCorr   .          Rampage  .   (no gloves)
Will    .....      Clarity  +   (boots currently unavailable)
Stlth   +++.......              (no amulet)
HPRegen 0.16/turn               g - +4 ring of slaying
MPRegen 0.13/turn               (no ring)

@: appendages (expiring), weakened, wereblooded
A: horns 2, talons 2, foul stench 1, big brain 2, weakness stinger 2, camouflage
1, clarity
a: End Transformation, Renounce Religion, Potion Petition, Call Merchant, Bribe
Branch


You were on level 5 of the Dungeon.
You worshipped Gozag.
Gozag was noncommittal.
You had temporarily grown beastly horns and talons.
You visited 1 branch of the dungeon, and saw 5 of its levels.

You collected 182 gold pieces.
You spent 44 gold pieces at shops.
You paid 62 gold pieces to Gozag.

Inventory:

Armour
 a - a +0 robe (worn)
Jewellery
 g - a +4 ring of slaying (left hand)
 i - an amulet of faith
Wands
 b - a wand of quicksilver (11)
 j - a wand of iceblast (7)
Scrolls
 d - a scroll of teleportation
 f - a scroll of enchant armour {unknown}
 k - a scroll of silence {unknown}
 l - a scroll of poison {unknown}
Potions
 e - a potion of degeneration
 h - a potion of flight
 m - a potion of heal wounds
 n - 2 potions of might


   Skills:
 * Level 2.0 Fighting
 + Level 2.7 Dodging
 - Level 2.3 Stealth
 + Level 5.5 Unarmed Combat
 + Level 3.6 Spellcasting
 + Level 3.3 Transmutations
 - Level 0.9 Evocations


You had 10 spell levels left.
You knew the following spells:

 Your Spells              Type           Power      Damage    Failure   Level
a - Beastly Appendage     Tmut           30%        N/A       3%          1
b - Wereblood             Tmut           15%        N/A       6%          2

Your spell library contained the following spells:

 Spells                   Type           Power      Damage    Failure   Level
 Spider Form              Tmut/Pois      9%         N/A       22%         3
 Dazzling Flash           Conj/Hex       6%         N/A       43%         3
 Ice Form                 Ice/Tmut       9%         N/A       58%         4
 Agony                    Necr           3%         N/A       99%         5
 Silence                  Hex/Air        1%         N/A       99%         5


Dungeon Overview and Level Annotations

Branches:
Dungeon (5/15)
 Temple: D:4-7

Altars:
Ashenzari
Gozag

Shops:
D:2 ?   D:5 ?


Innate Abilities, Weirdness & Mutations

You have temporarily grown beastly horns and talons.
You may rarely emit foul miasma when damaged in melee.
You have an extremely huge brain. (Int +4)
You have a tail ending in a sharp stinger.
Your skin changes colour to match your surroundings (Stealth+).
You possess an exceptional clarity of mind.


Message History

The gnoll bouda is distracted by your dazzling golden aura.
You barely miss the gnoll.
The gnoll bouda shouts!
You claw the gnoll.
The gnoll is almost dead.
Your transformation is almost over.
The gnoll hits you with a +0 club.
The gnoll hits you from afar with a +0 spear.
You hit the gnoll but do no damage. You claw the gnoll.
You feel a bit better.
You kill the gnoll!
You howl as the wereblood boils in your veins!
The gnoll bouda is no longer distracted by gold.
The gnoll hits you from afar with a +0 spear.
The gnoll is distracted by your dazzling golden aura.
You hit the gnoll bouda. You claw the gnoll bouda.
The gnoll bouda is moderately wounded.
You howl as the wereblood boils in your veins!
The gnoll is no longer moving quickly.
The gnoll is no longer distracted by gold.
The gnoll closely misses you.
The gnoll hits you from afar with a +0 halberd!
* * * LOW HITPOINT WARNING * * *
You hit the gnoll bouda. You headbutt the gnoll bouda.
The gnoll bouda is severely wounded.
Your attacks no longer feel as feeble.
The gnoll bouda gazes fiercely through you!
You feel your attacks grow feeble.
The gnoll hits you from afar with a +0 spear.
* * * LOW HITPOINT WARNING * * *
The gnoll hits you from afar with a +0 halberd.
* * * LOW HITPOINT WARNING * * *
You hit the gnoll bouda.
The gnoll bouda is almost dead.
The gnoll bouda gazes fiercely through you!
You feel as though you will be weak longer.
The gnoll bouda hits you with a +0 club!
* * * LOW HITPOINT WARNING * * *
The gnoll hits you from afar with a +0 spear.
You die...
Your body crumbles into a pile of gold.

#..# ##.#
#.## #..# .#
##.# #.####'
#.## .......
#..# .......
##.##.......
#g@#gg.....
##.#$......
#gg.......
##........
#........
#.#'###..
#.#.. .
#.#... #..
...


You could see a gnoll bouda and 2 gnolls.

Vanquished Creatures
  Grinder (D:4)
  A phantom (D:5)
  A necrophage (D:4)
  2 scorpions
  A howler monkey (D:5)
  A hound (D:4)
  An iguana (D:5)
  2 orc wizards
  4 adders
  2 gnolls (D:5)
  3 worms
  A dart slug (D:4)
  7 orcs
  4 bats
  5 endoplasms
  3 giant cockroaches
  3 goblins
  8 hobgoblins
  A jackal (D:3)
  4 kobolds
  5 quokkas
  2 ball pythons (D:2)
  A frilled lizard (D:3)
  6 rats
69 creatures vanquished.

Vanquished Creatures (others)
  A plant (D:5)
1 creature vanquished.

Grand Total: 70 creatures vanquished

Notes
Turn   | Place    | Note
-------+----------+-------------------------------------------
     0 | D:1      | Newt the Demonspawn Transmuter began the quest for the Orb.
     0 | D:1      | Reached XP level 1. HP: 15/15 MP: 3/3
   114 | D:1      | Reached skill level 3 in Unarmed Combat
   123 | D:1      | Gained mutation: You may rarely emit foul miasma when
                  | damaged in melee. [demonic ancestry]
   123 | D:1      | Reached XP level 2. HP: 1/21 MP: 5/5
   402 | D:1      | Found a faded altar of an unknown god.
   412 | D:1      | You fall into a shaft and drop 1 floor!
   637 | D:2      | Found Qadog's Magic Scroll Shoppe.
   644 | D:2      | Bought a scroll of identify for 22 gold pieces
   644 | D:2      | Bought a scroll of identify for 22 gold pieces
   667 | D:2      | Learned a level 2 spell: Wereblood
  1165 | D:2      | Gained mutation: You have an unusually large brain. (Int
                  | +2) [demonic ancestry]
  1165 | D:2      | Reached XP level 3. HP: 26/26 MP: 4/6
  1616 | D:3      | Gained mutation: You have an extremely huge brain. (Int +4)
                  | [demonic ancestry]
  1616 | D:3      | Reached XP level 4. HP: 29/32 MP: 7/7
  2255 | D:4      | Found a broken altar of Ashenzari.
  2291 | D:4      | Noticed a necrophage
  2298 | D:4      | Killed a necrophage
  2299 | D:4      | Reached skill level 4 in Unarmed Combat
  2299 | D:4      | Reached XP level 5. HP: 34/37 MP: 4/9
  2400 | D:4      | Reached skill level 1 in Stealth
  2730 | D:4      | Noticed Grinder
  2731 | D:4      | Paralysed by Grinder for 4 turns
  2740 | D:4      | Killed Grinder
  2741 | D:4      | Reached skill level 5 in Unarmed Combat
  2741 | D:4      | Gained mutation: You have a small tail. [demonic ancestry]
  2741 | D:4      | Reached XP level 6. HP: 7/44 MP: 8/10
  3352 | D:4      | Found an opulent altar of Gozag.
  3544 | D:4      | Gained mutation: You have a tail ending in a sharp stinger.
                  | [demonic ancestry]
  3544 | D:4      | Reached XP level 7. HP: 24/49 MP: 8/12
  4006 | D:4      | Became a worshipper of Gozag Ym Sagoz the Greedy
  4027 | D:4      | Gained mutation: Your skin changes colour to match your
                  | surroundings (Stealth+). [potion of mutation]
  4027 | D:4      | Gained mutation: You possess an exceptional clarity of
                  | mind. [potion of mutation]
  4029 | D:5      | Entered Level 5 of the Dungeon
  4289 | D:5      | Found Lifutos's Magic Scroll Boutique.
  4382 | D:5      | HP: 1/50 [gnoll bouda/+0 club (8)]
  4382 | D:5      | Slain by a gnoll

Illustrated notes

Levels and vault maps discovered:
D:1:      minmay_arrival_diagonal_passages, layout_rooms,
          shapermc_ecumenical_altar_mp_highgroup, serial_corexii_hall,
          corexii_hall_statues_t, corexii_hall_statues_t,
          corexii_hall_statues_u, chequers_hall_statues_wall_a
D:2:      layout_loops_corners, serial_shops, shop, minmay_puff
D:3:      layout_loops_ring, mainiacjoe_overflow_brackets, minmay_surrounded
D:4:      layout_loops_ring, cheibrodos_ashenzari_chains, lemuel_tele_altar,
          kennysheep_generic_room_10, uniq_grinder
D:5:      layout_basic, mainiacjoe_overflow_cross_hatched, serial_shops,
          nicolae_shop_bloodbath_and_beyond, shop,
          nicolae_shop_overgrown_old_shop, kennysheep_mini_moat

Skill      XL: |  1  2  3  4  5  6  7 |
---------------+----------------------+-----
Unarmed Combat | 3 4 5 |  5.5
Dodging        | 2 |  2.7
Transmutations | 2 3 |  3.3
Stealth        | 1 2 |  2.3
Spellcasting   | 3 |  3.6
Fighting       | 2 |  2.0
Evocations     | |  0.9

Action                   |  1- 3 |  4- 6 |  7- 9 || total
-------------------------+-------+-------+-------++-------
Melee: Unarmed           |    80 |    56 |    35 ||   171
       Headbutt          |    11 |     9 |     6 ||    26
       Kick              |    16 |    14 |    14 ||    44
       Punch             |     1 |       |     1 ||     2
       Tailslap          |       |       |     3 ||     3
 Cast: Beastly Appendage |    11 |     8 |     4 ||    23
       Wereblood         |     2 |     4 |     2 ||     8
Evoke: Wand              |       |     5 |       ||     5
  Use: Scroll            |     2 |     4 |     3 ||     9
       Potion            |     1 |       |     1 ||     2
 Stab: Sleeping          |     3 |     4 |     1 ||     8
Armor: Robe              |    19 |     4 |     2 ||    25
Dodge: Dodged            |    42 |    30 |    22 ||    94

Table legend: (Time is in decaauts)
 A = Elapsed time spent in this place.
 B = Non-inter-level travel time spent in this place.
 C = Inter-level travel time spent in this place.
 D = Time resting spent in this place.
 E = Time spent auto-exploring this place.
 F = Levels seen in this place.
 G = Mean time per level.
                   A        B        C        D        E       F      G
               +--------+--------+--------+--------+--------+-----+--------+
         Total |   4367 |   4278 |     89 |    914 |   2927 |   5 |  873.4 |
       Dungeon |   4367 |   4278 |     89 |    914 |   2927 |   5 |  873.4 |
               +--------+--------+--------+--------+--------+-----+--------+

Top non-repeatable levels by time:
     D:4: 1775 daAuts
     D:2: 971 daAuts
     D:3: 859 daAuts
     D:1: 411 daAuts
     D:5: 349 daAuts
